 Dungeon Crawl Stone Soup version 0.31-a0-152-g6aa68a64a1 (webtiles) character file.

Game seed: 9004570027978121356

87 qw the Shooter (level 4, 0/38 HPs)
             Began as a Minotaur Hunter on June 9, 2023.
             Slain by an orc
             ... wielding a +0 club
              (1 damage)
             ... on level 2 of the Dungeon.
             The game lasted 00:00:35 (1144 turns).

qw the Shooter (Minotaur Hunter)                    Turns: 1144, Time: 00:00:35

Health: 0/38       AC:  3    Str: 14    XL:     4   Next: 28%
Magic:  3/3        EV: 12    Int:  5    God:
Gold:   57         SH:  0    Dex: 15    Spells: 3/3 levels left

rFire   . . .        Y - +1 shortbow
rCold   . . .        (shield currently unavailable)
rNeg    . . .        c - +0 leather armour
rPois   +            (helmet restricted)
rElec   +            (no cloak)
rCorr   .            (no gloves)
SInv    .            (no boots)
Will    +++..        a - amulet "Ekasin" {Faith rElec rPois Will+++ Dex-5}
Stlth   +            (no ring)
HPRegen 0.26/turn    (no ring)
MPRegen 0.08/turn

%: clarity, faith
@: no status effects
A: horns 2, retaliatory headbutt, agile 1, clarity
a: no special abilities


You were on level 2 of the Dungeon.
You visited 1 branch of the dungeon, and saw 2 of its levels.

You collected 57 gold pieces.


Innate Abilities, Weirdness & Mutations

You have a pair of horns on your head.
You reflexively headbutt those who attack you in melee.
You are agile. (Dex +4, Str/Int -1)
You possess an exceptional clarity of mind.


   Skills:
 + Level 3.3 Fighting
 - Level 6.0 Ranged Weapons
 - Level 2.1 Dodging
 - Level 0.7 Stealth


You had 3 spell levels left.
You didn't know any spells.
Your spell library was empty.

Inventory:

Hand Weapons
 Y - a +1 shortbow (weapon)
Armour
 c - a +0 leather armour (worn)
 g - a +0 pair of boots
Jewellery
 a - the amulet "Ekasin" (around neck) {Faith rElec rPois Will+++ Dex-5}
   (You acquired it on level 1 of the Dungeon)

   [amulet of faith]

   It allows you to gain divine favour quickly.
   Dex:       It affects your dexterity (-5).
   rElec:     It insulates you from electricity.
   rPois:     It protects you from poison.
   Will:      It greatly increases your willpower.
 b - a ring of positive energy
 e - a ring of see invisible
 i - a ring of see invisible
 l - a +5 ring of evasion
 m - an amulet of the acrobat
Scrolls
 j - 2 scrolls of identify {unknown}
Potions
 d - a potion of enlightenment {unknown}
 f - a potion of heal wounds {unknown}
 h - a potion of curing {unknown}
 k - a potion of mutation
 n - a potion of attraction {unknown}

Dungeon Overview and Level Annotations

Branches:
Dungeon (2/15)

Altars:


Message History

Beogh smites you!
You shoot an arrow. The arrow hits the orc wizard.
The orc wizard is lightly wounded.
The orc wizard misses you. You furiously retaliate!
You headbutt the orc wizard. The orc closely misses you.
The orc hits you but does no damage.
The orc wizard hits you with a +0 dagger.
You shoot an arrow.
The arrow hits the orc wizard but does no damage.
The orc wizard is moderately wounded.
The orc wizard hits you but does no damage.
The orc misses you.
You shoot an arrow. The arrow barely misses the orc wizard.
The orc wizard misses you. The orc closely misses you. You furiously retaliate!
You headbutt the orc!
You kill the orc!
You shoot an arrow. The arrow hits the orc wizard.
The orc wizard is heavily wounded.
The orc wizard hits you with a +0 dagger.
The orc hits you with a +0 war axe.
You shoot an arrow. The arrow barely misses the orc wizard.
The orc wizard gestures at you while chanting.
The puff of flame hits you! The orc misses you.
You shoot an arrow.
The arrow closely misses the orc wizard.
The orc wizard casts a spell.
The orc wizard flickers and vanishes!
Deactivating autopickup; reactivate with Ctrl-A.
The orc barely misses you. You furiously retaliate!
You headbutt the orc.
The orc priest invokes the aid of Beogh against you.
Beogh smites you!
You shoot an arrow. The arrow hits the orc.
You kill the orc!
Something hits you but does no damage.
You shoot an arrow.
The arrow hits the orc but does no damage.
Something hits you. The orc barely misses you.
You shoot an arrow. The arrow hits the orc.
The orc is severely wounded.
The orc closely misses you. Something hits you.
The orc hits you with a +0 club.
You die...

..##..# #.#....#
..#
..###.###.#....#
..# ..#
#.>...#....# .#
..# ##.####....#
..# #.####..).#
..# #.#.......#
..#
#.#.#####.#####.#
..##
#.#.#####.#{oo..#
~..###.#.....#.#@#
~~.....#####.#.#.#
~~...#....##.#.#.#
~%.#.#.##.##.#.#.#
~~.#%..##.##.#.#.#
...######..[.#...#
.### ########## ##


You could see an orc priest and an orc.

Vanquished Creatures
  4 gnolls (D:2)
  2 orcs (D:2)
  3 ball pythons
  7 bats
  An endoplasm (D:1)
  4 giant cockroaches
  4 goblins
  5 hobgoblins
  A quokka (D:2)
  6 frilled lizards
  4 kobolds (D:1)
  6 rats
47 creatures vanquished.

Notes
Turn   | Place    | Note
-------+----------+-------------------------------------------
     0 | D:1      | qw the Minotaur Hunter began the quest for the Orb.
     0 | D:1      | Reached XP level 1. HP: 18/18 MP: 0/0
     0 | D:1      | 0 ||| qw: Version: 0.2-a-121-gba3a3e5
     0 | D:1      | 0 ||| qw: Game counter: 3188
     0 | D:1      | 0 ||| qw: Always use a shield: true
     0 | D:1      | 0 ||| qw: God list: Okawaru
     0 | D:1      | 0 ||| qw: Allow faded altars: false
     0 | D:1      | 0 ||| qw: Do Orc after D:15 true
     0 | D:1      | 0 ||| qw: Do second Lair branch before Depths: true
     0 | D:1      | 0 ||| qw: Lair rune preference: random
     0 | D:1      | 0 ||| qw: Plans: Normal
     0 | D:1      | 0 ||| PLANNING D:1-11
   163 | D:1      | Reached XP level 2. HP: 25/25 MP: 1/1
   168 | D:1      | Reached skill level 5 in Ranged Weapons
   276 | D:1      | Reached skill level 3 in Fighting
   500 | D:1      | 500 ||| READING scroll labelled WOCVUD UTSACWU.
   501 | D:1      | 501 ||| READING scroll labelled ALUOFA RUOWNO.
   502 | D:1      | 502 ||| READING scroll labelled WESOLA ANIGYR.
   503 | D:1      | 503 ||| READING scroll labelled AMUPRICYUN.
   503 | D:1      | Identified a scroll of acquirement
   503 | D:1      | 503 ||| ACQUIRING amulet "Ekasin" {Faith rElec rPois
                  | Will+++ Dex-5}
   503 | D:1      | Acquired the amulet "Ekasin" {Faith rElec rPois Will+++
                  | Dex-5}
   505 | D:1      | 505 ||| UPGRADING to amulet "Ekasin" {Faith rElec rPois
                  | Will+++ Dex-5}.
   510 | D:1      | 510 ||| READING scroll labelled EHADGH DOSM.
   511 | D:1      | 511 ||| DRINKING 2 murky puce potions.
   511 | D:1      | Gained mutation: You possess an exceptional clarity of
                  | mind. [potion of mutation]
   511 | D:1      | Gained mutation: You are agile. (Dex +4, Str/Int -1)
                  | [potion of mutation]
   512 | D:1      | 512 ||| DROPPING scroll of butterflies.
   545 | D:2      | Reached XP level 3. HP: 31/31 MP: 2/2
   956 | D:2      | Reached skill level 6 in Ranged Weapons
   956 | D:2      | Reached XP level 4. HP: 30/38 MP: 3/3
  1141 | D:2      | HP: 3/38 [orc priest/divine providence (10)]
  1144 | D:2      | HP: 1/38 [something (1)]
  1144 | D:2      | Slain by an orc

Levels and vault maps discovered:
D:1:      eino_arrival_cavern_d, layout_rooms
D:2:      layout_basic, minmay_lizard_pond

Skill      XL: |  1  2  3 |
---------------+----------+-----
Ranged Weapons | 5 6 |  6.0
Fighting       | 3 |  3.3
Dodging        | |  2.1
Stealth        | |  0.7

Action                     |  1- 3 |  4- 6 || total
---------------------------+-------+-------++-------
   Fire: Shortbow          |   121 |    20 ||   141
    Use: Scroll            |     5 |       ||     5
         Potion            |     1 |       ||     1
 Armour: Leather armour    |     4 |     4 ||     8
  Dodge: Dodged            |    18 |     9 ||    27

Table legend:
 A = Non-vault XP
 B = Vault XP
 C = Vault XP percentage of total XP
 D = Non-vault monster count
 E = Vault monster count
 F = Vault count percentage of total count
                 A         B        C        D         E       F
            +---------+---------+-------+---------+---------+-------
      Total |     124 |       1 |   0.8 |      46 |       1 |   2.1
            +---------+---------+-------+---------+---------+-------
        D:1 |      37 |       0 |   0.0 |      25 |       0 |   0.0
        D:2 |      87 |       1 |   1.1 |      21 |       1 |   4.5
            +---------+---------+-------+---------+---------+-------
